 Dungeon Crawl Stone Soup version 0.20.1-1-g8b1a95d (webtiles) character file.

5943 homeworkjunkie the Cleaver (level 10, -2/87 (88) HPs)
             Began as a Hill Orc Fighter on Nov 28, 2017.
             Was a High Priest of Okawaru.
             Slain by a necrophage (5 damage)
             ... summoned by an orange crystal statue
             ... while paralysed
             ... on level 9 of the Dungeon.
             The game lasted 00:16:00 (7638 turns).

homeworkjunkie the Cleaver (Hill Orc Fighter)       Turns: 7638, Time: 00:16:00

HP:   -2/87 (88)    AC: 20    Str: 22      XL:     10   Next: 83%
MP:   0/13          EV:  2    Int:  0 (8)  God:    Okawaru [*****.]
Gold: 568           SH:  0    Dex: 17      Spells: 9/9 levels left

rFire    . . .     SeeInvis .   w - +2 hand axe (elec)
rCold    . . .     Gourm    .   c - +0 shield
rNeg     . . .     Faith    .   y - +0 plate armour
rPois    .         Spirit   .   e - +0 helmet
rElec    .         Reflect  .   n - +0 cloak
rCorr    .         Harm     .   i - +0 pair of gloves
MR       .....                  m - +2 pair of boots
Stlth    ..........             l - amulet of regeneration
Regen    0.7/turn               s - +6 ring of dexterity
MPRegen  0.2/turn               (no ring)

@: confused, paralysed, slowed, lost intelligence, drained
A: no striking features
a: Heroism, Finesse, Renounce Religion


You were on level 9 of the Dungeon.
You worshipped Okawaru.
Okawaru was extremely pleased with you.
You were not hungry.

You visited 2 branches of the dungeon, and saw 11 of its levels.

You collected 568 gold pieces.

Inventory:

Hand Weapons
 w - a +2 hand axe of electrocution (weapon)
Armour
 c - a +0 shield (worn)
 e - a +0 helmet (worn)
 i - a +0 pair of gloves (worn)
 m - a +2 pair of boots (worn)
 n - a +0 cloak (worn)
 y - a +0 plate armour (worn)
Jewellery
 l - an amulet of regeneration (around neck)
 s - a +6 ring of dexterity (left hand)
Wands
 a - a wand of flame (34/48)
 b - a wand of flame (23/48)
 q - a wand of disintegration (14/24)
 C - a wand of disintegration (21/24)
Scrolls
 d - 3 scrolls of silence {unknown}
 h - a scroll of identify
 j - 4 scrolls of teleportation
 r - 2 scrolls of recharging
 u - 2 scrolls of remove curse
 B - 2 scrolls of magic mapping
Potions
 k - 2 potions of heal wounds
 o - a potion of haste
 p - 3 potions of curing
 t - a potion of brilliance
 v - 2 potions of flight
 x - 2 potions of mutation
 z - a potion of ambrosia {unknown}
 D - a potion of berserk rage {unknown}
Comestibles
 f - 7 bread rations
 A - 2 meat rations


   Skills:
 * Level 8.1(7.9) Fighting
 * Level 13.1(12.8) Axes
 * Level 7.9(7.7) Armour
 + Level 2.0(1.8) Dodging
 * Level 7.8(7.5) Shields
 * Level 4.2(4.0) Evocations


You had 9 spell levels left.
You didn't know any spells.

Dungeon Overview and Level Annotations

Branches:
Dungeon (10/15)            Temple (1/1) D:5
   Lair: D:8-11         Orc: D:9-12

Altars:
Ashenzari
Cheibriados
Dithmenos
Elyvilon
Fedhas
Gozag
Hepliaklqana
Kikubaaqudgha
Makhleb
Nemelex Xobeh
Okawaru
Qazlal
Sif Muna
Trog
Uskayaw
Vehumet
Xom
Yredelemnul
Zin
The Shining One

Shops:
D:4 (

Annotations:
D:9 1 runed door, exclusion: 4 orange crystal statues


Message History

The orange crystal statue glitters.
The orange crystal statue fixes its piercing gaze on you. x2
You feel dopey.
You have lost your intelligence.
Something feeds on your intellect!
The necrophage hits you but does no damage.
The orc priest calls down the wrath of Beogh upon you.
Beogh smites you!
* * * LOW HITPOINT WARNING * * *
The orc priest invokes the aid of Beogh against you.
Beogh smites you!
* * * LOW HITPOINT WARNING * * *
The hound bites you but does no damage.
You feel yourself slow down.
You feel a little less agile now.
The orange crystal statue glitters.
The yak gores you.
* * * LOW HITPOINT WARNING * * *
The orange crystal statue glitters.
You are more confused.
The hound bites you but does no damage. The necrophage hits you.
You die...

..# #............#####..........
..####.####..........##.....)....
..'....# #.......##.##..........
..###### #.......##..'..........
..# #############.......... ..#
#...............)... ###
#.####o####.##+##### ##
#.#8YY.T.8#..#.# .####
#.#@#o..#.#....# ....#
#.#hnc....#..####### ###'###
#.#hO5o...#.........
..#...########.#Yoo....#.........
#.#.#.'........#.#...#.#.........
..#...########.#8.....8#.........
###.### #.####+####.....)...
......# #................/))
####### #####............)<†


You could see 4 orange crystal statues, 2 yaks, a troll, an orc warrior, an ice
beast, an ogre, a necrophage, a centaur, a howler monkey, a hound, an orc
priest, a shadow imp and 2 orcs.

Vanquished Creatures
  2 two-headed ogres
  Pikel (D:6)
  A gargoyle (D:8)
  A troll (D:9)
  Grinder (D:6)
  Prince Ribbit (D:5)
  A hippogriff (D:7)
  Edmund (D:4)
  2 sky beasts
  4 orc warriors
  A necrophage (D:7)
  2 phantoms
  6 ogres
  An ice beast (D:8)
  A centaur (D:7)
  2 big kobolds (D:8)
  2 bullfrogs
  A scorpion (D:4)
  3 crimson imps
  A quasit (D:6)
  A bullfrog skeleton (D:6)
  2 jellies
  A centaur skeleton (D:4)
  A centaur zombie (D:6)
  4 hounds
  3 orc priests
  5 orc wizards
  2 iguanas (D:4)
  7 worker ants
  10 gnolls
  13 adders
  3 shadow imps
  2 oozes
  2 adder skeletons
  A dart slug (D:2)
  7 leopard geckos
  29 orcs
  6 giant cockroaches
  10 goblins
  7 hobgoblins
  22 jackals
  6 quokkas
  3 ball pythons
  8 bats
  9 frilled lizards
  A giant cockroach zombie (D:5)
  A jackal skeleton (D:7)
  19 kobolds
  A quokka skeleton (D:5)
  A quokka zombie (D:6)
  11 rats
233 creatures vanquished.

Vanquished Creatures (others)
  A quokka skeleton (D:6)
1 creature vanquished.

Grand Total: 234 creatures vanquished

Notes
Turn   | Place    | Note
-------+----------+-------------------------------------------
     0 | D:1      | homeworkjunkie the Hill Orc Fighter began the quest for the Orb.
     0 | D:1      | Reached XP level 1. HP: 19/19 MP: 1/1
   123 | D:2      | Reached XP level 2. HP: 27/27 MP: 2/2
   165 | D:2      | Reached skill level 3 in Axes
   177 | D:2      | Found a glowing silver altar of Zin.
   177 | D:2      | Found a burning altar of Makhleb.
   178 | D:2      | Noticed a green death
   178 | D:2      | Noticed an angel
   283 | D:2      | Reached XP level 3. HP: 21/33 MP: 3/3
  1064 | D:1      | Reached XP level 4. HP: 38/40 MP: 4/4
  1644 | D:2      | Reached skill level 4 in Axes
  1925 | D:2      | Found a shimmering altar of Xom.
  1954 | D:2      | Reached XP level 5. HP: 47/47 MP: 5/5
  2033 | D:2      | Found a hazy altar of Hepliaklqana.
  2034 | D:2      | Noticed a spectral ugly thing
  2277 | D:3      | Found a blossoming altar of Fedhas.
  2325 | D:4      | Reached skill level 5 in Axes
  2414 | D:4      | Noticed an ogre
  2423 | D:4      | Killed an ogre
  2423 | D:4      | Reached XP level 6. HP: 20/53 MP: 6/6
  2847 | D:5      | Entered Level 5 of the Dungeon
  2857 | D:5      | Found a staircase to the Ecumenical Temple.
  2858 | D:5      | Noticed a two-headed ogre
  2870 | D:5      | Killed a two-headed ogre
  2870 | D:5      | Reached skill level 5 in Fighting
  2870 | D:5      | Reached skill level 8 in Axes
  2870 | D:5      | Reached skill level 5 in Armour
  2870 | D:5      | Reached skill level 1 in Dodging
  2870 | D:5      | Reached skill level 5 in Shields
  2870 | D:5      | Reached XP level 7. HP: 23/61 MP: 7/7
  2870 | D:5      | Reached XP level 8. HP: 25/68 MP: 8/8
  2881 | Temple   | Entered the Ecumenical Temple
  2964 | Temple   | Became a worshipper of Warmaster Okawaru
  3015 | D:4      | Found Ivoeseap's Antique Weapon Boutique.
  3170 | D:4      | Noticed Edmund
  3187 | D:4      | Killed Edmund
  3187 | D:4      | Reached skill level 9 in Axes
  3245 | D:4      | Found a stormy altar of Qazlal.
  3247 | D:4      | Found a blossoming altar of Fedhas.
  3606 | D:5      | Reached * piety under Okawaru
  3834 | D:5      | Reached skill level 10 in Axes
  3931 | D:5      | Reached XP level 9. HP: 58/75 MP: 9/9
  3952 | D:5      | Found a basalt altar of Yredelemnul.
  3975 | D:5      | Noticed Prince Ribbit
  3991 | D:5      | Killed Prince Ribbit
  3991 | D:5      | Reached skill level 1 in Evocations
  4018 | D:5      | Found a white marble altar of Elyvilon.
  4354 | D:6      | Reached ** piety under Okawaru
  4381 | D:6      | Noticed Pikel
  4381 | D:6      | Found a hide-covered altar of Uskayaw.
  4396 | D:6      | Killed Pikel
  4396 | D:6      | Reached skill level 11 in Axes
  4870 | D:6      | Noticed Grinder
  4873 | D:6      | Paralysed by Grinder for 7 turns
  4891 | D:6      | Killed Grinder
  4891 | D:6      | Reached *** piety under Okawaru
  5544 | D:7      | Reached XP level 10. HP: 76/86 MP: 12/12
  5657 | D:7      | Reached skill level 12 in Axes
  6112 | D:9      | Reached **** piety under Okawaru
  6154 | D:9      | Found a runed door.
  6154 | D:9      | Noticed an orange crystal statue
  6160 | D:9      | Noticed an orange crystal statue
  6160 | D:9      | Noticed an orange crystal statue
  6160 | D:9      | Noticed an orange crystal statue
  6200 | D:9      | Found a runed door.
  6280 | D:10     | Entered Level 10 of the Dungeon
  6322 | D:9      | Found a sparkling altar of Nemelex Xobeh.
  6542 | D:8      | Noticed a gargoyle
  6585 | D:8      | Killed a gargoyle
  6817 | D:8      | Noticed a two-headed ogre
  6830 | D:8      | Killed a two-headed ogre
  6830 | D:8      | Reached ***** piety under Okawaru
  6830 | D:8      | Reached skill level 13 in Axes
  7317 | D:9      | Found an ancient bone altar of Kikubaaqudgha.
  7578 | D:9      | Noticed a two-headed ogre
  7637 | D:9      | Lost intelligence.
  7638 | D:9      | HP: 3/87 [yak[an orange crystal statue] (3)]
  7638 | D:9      | Slain by a necrophage

Skill      XL: |  1  2  3  4  5  6  7  8  9 10 |
---------------+-------------------------------+-----
Axes           | 3 4 5 8 10 11 13 | 13.1
Fighting       | 4 5 6 7 8 |  8.1
Shields        | 4 5 6 7 |  7.8
Armour         | 4 5 6 7 |  7.9
Dodging        | 1 2 |  2.0
Evocations     | 2 4 |  4.2

Action                   |  1- 3 |  4- 6 |  7- 9 | 10-12 || total
-------------------------+-------+-------+-------+-------++-------
Melee: War axe           |   138 |   149 |   255 |       ||   542
       Hand axe          |       |       |    39 |   272 ||   311
Invok: Heroism           |       |       |       |     1 ||     1
       Finesse           |       |       |       |     1 ||     1
Evoke: Wand              |       |       |     3 |     1 ||     4
  Use: Scroll            |     4 |     4 |    11 |     1 ||    20
       Potion            |       |     6 |     2 |     2 ||    10
  Eat: Fruit             |     2 |       |     1 |       ||     3
       Bread ration      |       |     1 |     2 |     1 ||     4
       Royal jelly       |       |       |     1 |     2 ||     3
Armor: Scale mail        |    95 |   106 |       |       ||   201
       Chain mail        |       |       |   131 |    23 ||   154
       Plate armour      |       |       |       |    73 ||    73
Dodge: Dodged            |    67 |    58 |    50 |    58 ||   233
Block: Shield            |    85 |   107 |   135 |    87 ||   414
